Cogmind - Beta 14 @@@ ROGUE MODE // 2024.08.25 @ 22:49:48 Player: Nuclear Winter Man Result: Self-destructed Performance ------------- Evolutions (2) 1000 Regions Visited (4) 800 Robots Destroyed (12) 60 Value Destroyed (357) 357 Prototype IDs (0) 0 Alien Tech Used (0) 0 Bonus (0) 0 TOTAL SCORE: 2217 Bonus ------- None Cogmind --------- Core Integrity 489/550 Matter 300/300 Energy 100/100 System Corruption 0% Temperature Cool (0) Movement Walking (190) Ox1 Location -8/Materials Parts ------- > --- POWER (1) -------- (None) > --- PROPULSION (4) --- Aluminum Leg > --- UTILITY (3) ------ Heat Sink Small Storage Unit > --- WEAPON (3) ------- Particle Cannon Datajack > --- INVENTORY (8) ---- Light Treads Flight Unit Beam Rifle Peak State ------------ > --- POWER ------------ (None) > --- PROPULSION ------- Aluminum Leg Aluminum Leg Wheel > --- UTILITY ---------- Heat Sink Small Storage Unit > --- WEAPON ----------- Small Laser Particle Cannon Datajack > --- INVENTORY -------- Light Treads Beam Rifle [Rating: 9] Favorites ----------- Power Ion Engine Engine Ion Engine Propulsion Aluminum Leg Leg Aluminum Leg Wheel Wheel Utility Small Storage Unit Device Heat Sink Storage Small Storage Unit Weapon Assault Rifle Energy Gun Small Laser Energy Cannon Particle Cannon Ballistic Gun Assault Rifle Special Melee Weapon Datajack Build | -11 -10 -10 -9 -8 ------- Run | Yrd Mat Min Mat Mat Slots Evolved 4 | . . . 2 2 Power . | . . . . . Propulsion 2 | . . . 2 . Utility 1 | . . . . 1 Weapon 1 | . . . . 1 Parts Attached 18 | 6 7 . 4 1 Power 2 | 1 1 . . . Engine 2 | 1 1 . . . Core . | . . . . . Reactor . | . . . . . Propulsion 9 | 2 4 . 3 . Treads . | . . . . . Leg 6 | 2 1 . 3 . Wheel 3 | . 3 . . . Hover . | . . . . . Flight . | . . . . . Utility 2 | 1 1 . . . Device 1 | . 1 . . . Storage 1 | 1 . . . . Processor . | . . . . . Hackware . | . . . . . Protection . | . . . . . Artifact . | . . . . . Weapon 5 | 2 1 . 1 1 Energy Gun 1 | . 1 . . . Energy Cannon 1 | . . . 1 . Ballistic Gun 2 | 2 . . . . Ballistic Cannon . | . . . . . Launcher . | . . . . . Special Weapon . | . . . . . Impact Weapon . | . . . . . Slashing Weapon . | . . . . . Piercing Weapon . | . . . . . Special Melee Weapon 1 | . . . . 1 Unidentified Prototypes . | . . . . . Parts Lost 9 | . 5 . 1 3 Power 1 | . 1 . . . Propulsion 5 | . 2 . 1 2 Utility . | . . . . . Weapon 3 | . 2 . . 1 Highest Loss Streak 4 | . 4 . 1 2 To Critical Strikes . | . . . . . Average Slot Usage (%) 81 | . 88 57 74 67 Engine 7 | . 13 . . . Leg 21 | . 22 . 21 18 Wheel 6 | . 3 14 11 9 Device 9 | . 9 14 11 9 Storage 12 | . 14 14 11 9 Energy Gun 5 | . 2 14 11 4 Energy Cannon 3 | . . . 8 9 Ballistic Gun 12 | . 22 . . . Special Melee Weapon 1 | . . . . 9 Peak Build Rating 9 | 6 7 4 8 9 Average Rating 6 | 5 6 4 7 8 On Entrance 4 | . 6 4 4 8 Naked Turns . | . . . . . Heaviest Build 15 | 14 15 7 11 12 Greatest Support 20 | 20 20 10 20 20 Greatest Overweight (x) 1 | . 1 . 1 . Average Overweight (x) . | . . . . . Largest Inventory Capacity 8 | 8 8 8 8 8 Average Capacity 7 | 7 8 8 8 8 Most Carried 5 | 5 5 2 3 3 Average Carried 3 | 3 4 2 . 2 Final Capacity 8 | 8 8 8 8 8 Final Carried 4 | 4 2 2 3 3 Class Distribution -------------------- 89% | Mutant 10% | Scavenger-Mutant Dominant Class ---------------- Mutant | -10/Materials Mutant | -10/Mines Mutant | -9/Materials Scavenger-Mutant | -8/Materials Resources | -11 -10 -10 -9 -8 ----------- Run | Yrd Mat Min Mat Mat Matter Collected 559 | 198 218 38 90 15 Remotely . | . . . . . Salvage Created 414 | . 288 . 111 15 Parts 19 | . 6 . 10 3 Haulers Intercepted . | . . . . . Recyclers Shooed . | . . . . . Parts Field Recycled . | . . . . . Retrieved Matter . | . . . . . Parts Self-Destructed . | . . . . . Prevented . | . . . . . Kills | -11 -10 -10 -9 -8 ------- Run | Yrd Mat Min Mat Mat Combat Hostiles Destroyed 10 | . 7 . 2 1 Guns 7 | . 7 . . . Cannons 3 | . . . 2 1 Classes Destroyed 5 | . 1 . 3 1 Worker 1 | . . . 1 . Operator 1 | . . . 1 . Swarmer 1 | . . . . 1 Grunt 8 | . 7 . 1 . Sentry 1 | . . . 1 . Best Kill Streak 3 | . 3 . 2 1 Combat Bots Only 3 | . 3 . 1 1 Max Kills in Single Turn 1 | . 1 . 1 1 Gunslinging . | . . . . . Exploded . | . . . . . Melee . | . . . . . Uniques/NPCs Destroyed . | . . . . . Combat | -11 -10 -10 -9 -8 -------- Run | Yrd Mat Min Mat Mat Hostile Shots Fired 180 | . 114 . 15 51 Missed 60 | . 34 . 8 18 Damage Taken 1245 | . 891 1 82 271 Core 284 | . 213 . 10 61 Absorbed by Shields . | . . . . . Core Remaining (%) 70 | 100 . 14 97 . Volleys Fired 48 | . 37 . 8 3 Largest 2 | . 2 . 2 2 Hottest 108 | . 40 . 108 108 Shots Fired 91 | . 73 . 14 4 Gun 80 | . 73 . 6 1 Cannon 11 | . . . 8 3 Launcher . | . . . . . Special . | . . . . . Kinetic 72 | . 72 . . . Thermal 19 | . 1 . 14 4 Explosive . | . . . . . Electromagnetic . | . . . . . Robot Hit Streak 8 | . 8 . 4 1 Robot Miss Streak 5 | . 3 . 3 5 Penetration Max . | . . . . . Secondary Targets 1 | . 1 . . . Max Gunslinging Chain 1 | . 1 . . . Shots Hit Robots 58 | . 45 . 7 6 Core Hits 20 | . 14 . 5 1 Critical Kills . | . . . . . Critical Parts Destroyed . | . . . . . Critical Strikes . | . . . . . Melee Attacks 7 | . . . . 7 Impact . | . . . . . Slashing . | . . . . . Piercing . | . . . . . Sneak Attacks 3 | . . . . 3 Combat Hostiles . | . . . . . Follow-up Attacks . | . . . . . Damage Inflicted 720 | . 559 3 138 20 Guns 609 | . 552 . 57 . Cannons 101 | . . . 81 20 Explosions . | . . . . . Melee . | . . . . . Ramming 10 | . 7 3 . . Kinetic 552 | . 552 . . . Thermal 158 | . . . 138 20 Explosive . | . . . . . Electromagnetic . | . . . . . Impact . | . . . . . Slashing . | . . . . . Piercing . | . . . . . Highest Corruption . | . . . . . Average Corruption . | . . . . . Corruption Purged . | . . . . . Corruption Blocked . | . . . . . Overload Shots . | . . . . . Overflow Damage . | . . . . . Projectiles . | . . . . . Explosions . | . . . . . Melee . | . . . . . Knockbacks . | . . . . . Impact . | . . . . . Kinetic . | . . . . . Secondary . | . . . . . Self-Inflicted Damage 1 | . . 1 . . Shots . | . . . . . Rammed 1 | . . 1 . . Targets Rammed 2 | . 1 1 . . Kicked 1 | . 1 . . . Crushed . | . . . . . Highest Temperature 10 | . 10 . 4 . Average Temperature 5 | . 10 . 3 . Received Heat Transfer 447 | . 402 . 36 9 Siege Activations . | . . . . . Robots Corrupted . | . . . . . Combat Hostiles . | . . . . . Parts Fried . | . . . . . Impact Corruptions . | . . . . . Robots Melted . | . . . . . Combat Hostiles . | . . . . . Parts Melted . | . . . . . Heat Transferred 310 | . . . 273 37 Parts Sabotaged . | . . . . . Parts Stolen . | . . . . . Parts Stripped . | . . . . . Power Chain Reactions . | . . . . . Alert | -11 -10 -10 -9 -8 ------- Run | Yrd Mat Min Mat Mat Peak Influence 272 | . 272 25 109 118 Initial 41 | . . 25 9 41 Average 60 | . 127 25 30 64 Maximum Alert Level 1 | . 1 . . . Low Security (%) 91 | 100 76 100 100 100 Level 1 8 | . 23 . . . Level 2 . | . . . . . Level 3 . | . . . . . Level 4 . | . . . . . Level 5 . | . . . . . High Security . | . . . . . Max Security . | . . . . . Squads Dispatched 4 | . 2 . 1 1 Investigation 3 | . 2 . . 1 Extermination . | . . . . . Reinforcement 1 | . . . 1 . Assault . | . . . . . Garrison . | . . . . . Intercept . | . . . . . Searches Triggered . | . . . . . Construction Impeded . | . . . . . Haulers Reinforced . | . . . . . Active Scanning Responses . | . . . . . Cargo Convoy Interrupts . | . . . . . Stealth | -11 -10 -10 -9 -8 --------- Run | Yrd Mat Min Mat Mat Distress Signals 3 | . 2 . . 1 Communications Jammed . | . . . . . Distress Signals . | . . . . . Times Spotted 34 | . 19 . 6 9 Peak Tracking Total 7 | . 7 . 4 5 Tactical Retreats 3 | . 2 . . 1 Traps | -11 -10 -10 -9 -8 ------- Run | Yrd Mat Min Mat Mat Traps Triggered . | . . . . . Indirectly . | . . . . . Trap Hack Attempts . | . . . . . Triggered . | . . . . . Disarmed . | . . . . . Reprogrammed . | . . . . . Reused . | . . . . . Traps Extracted . | . . . . . Installed . | . . . . . Triggered . | . . . . . Machines | -11 -10 -10 -9 -8 ---------- Run | Yrd Mat Min Mat Mat Machines Disabled . | . . . . . Max in Single Turn . | . . . . . Machines Repaired . | . . . . . Machines Dismantled . | . . . . . Machines Sabotaged . | . . . . . Overloaded Fab Kills . | . . . . . Hacking | -11 -10 -10 -9 -8 --------- Run | Yrd Mat Min Mat Mat Machines Accessed 4 | . 3 . . 1 Terminals 3 | . 3 . . . Fabricators . | . . . . . Repair Stations 1 | . . . . 1 Recycling Units . | . . . . . Scanalyzers . | . . . . . Garrison Access . | . . . . . Total Hacks 14 | . 10 . . 4 Successful 6 | . 5 . . 1 Failed 8 | . 5 . . 3 Catastrophic 1 | . 1 . . . Database Lockouts . | . . . . . Manual 4 | . 4 . . . Terminals 10 | . 10 . . . Fabricators . | . . . . . Repair Stations 4 | . . . . 4 Recycling Units . | . . . . . Scanalyzers . | . . . . . Garrison Access . | . . . . . Terminal Hacks 5 | . 5 . . . Record 2 | . 2 . . . Part Schematic 1 | . 1 . . . Scanalyzer Index 1 | . 1 . . . Hauler Manifests 1 | . 1 . . . Fabricator Hacks . | . . . . . Repair Station Hacks 1 | . . . . 1 Scan Component 1 | . . . . 1 Recycling Unit Hacks . | . . . . . Scanalyzer . | . . . . . Garrison Access Hacks . | . . . . . Unauthorized Hacks . | . . . . . Terminals . | . . . . . Fabricators . | . . . . . Repair Stations . | . . . . . Recycling Units . | . . . . . Scanalyzers . | . . . . . Garrison Access . | . . . . . Data Cores Recovered . | . . . . . Used . | . . . . . Hacking Detections 4 | . 3 . . 1 Full Trace Events 4 | . 3 . . 1 Feedback Events . | . . . . . Feedback Blocked . | . . . . . Robot Schematics Acquired . | . . . . . Robots Built . | . . . . . Authchips . | . . . . . Time . | . . . . . Total Robot Build Rating . | . . . . . Part Schematics Acquired 1 | . 1 . . . Parts Built . | . . . . . Authchips . | . . . . . Time . | . . . . . Total Part Build Rating . | . . . . . Parts Repaired . | . . . . . Time . | . . . . . Parts Recycled . | . . . . . Recycled Matter . | . . . . . Retrieved Matter . | . . . . . Retrieved Components . | . . . . . Parts Scanalyzed . | . . . . . Part Schematics Acquired . | . . . . . Parts Damaged . | . . . . . Bothacking | -11 -10 -10 -9 -8 ------------ Run | Yrd Mat Min Mat Mat Used RIF Installer . | . . . . . Robots Hacked 3 | . . . . 3 Non-combat 2 | . . . . 2 Combat 1 | . . . . 1 Robot Hacks Applied 4 | . . . . 4 parse_system 2 | . . . . 2 no_distress 1 | . . . . 1 find_station 1 | . . . . 1 Relay Couplers Released . | . . . . . Fabnet Peak Effective % . | . . . . . Robots Rewired . | . . . . . Allies Hacked . | . . . . . Hacks Repelled . | . . . . . Allies | -11 -10 -10 -9 -8 -------- Run | Yrd Mat Min Mat Mat Total Allies . | . . . . . Largest Group . | . . . . . Highest-Rated Group . | . . . . . Highest-Rated Ally . | . . . . . Total Orders . | . . . . . Ally Attacks . | . . . . . Total Damage . | . . . . . Kills . | . . . . . Allies Corrupted . | . . . . . Allies Melted . | . . . . . Intel | -11 -10 -10 -9 -8 ------- Run | Yrd Mat Min Mat Mat Robot Analysis Total . | . . . . . Derelict Logs Recovered . | . . . . . Drone Launches . | . . . . . Drone Recoveries . | . . . . . Exploration | -11 -10 -10 -9 -8 ------------- Run | Yrd Mat Min Mat Mat Turns Passed 1193 | 369 450 25 246 103 Spaces Moved 624 | 57 289 30 179 69 Core 3 | 3 . . . . Treads . | . . . . . Legs 512 | 54 210 . 179 69 Wheels 109 | . 79 30 . . Hover . | . . . . . Flight . | . . . . . Fastest Speed 50 | 50 80 80 120 120 Average Speed 115 | 116 113 80 121 120 Slowest Speed 190 | 120 190 80 190 120 Overloaded Moves . | . . . . . Propulsion Burnouts . | . . . . . Robots Hopped . | . . . . . Cave-ins Triggered . | . . . . . Exploration Rate (%) 15 | 5 41 9 15 7 Regions Visited 4 Branch Regions 1 Pre-discovered Areas . | . . . . . Known Exits Taken . | . . . . . Unknown Exits Taken 4 | 1 1 1 1 . Scrap Searched 1 | . . 1 . . Spaces Dug . | . . . . . Terrain Destroyed . | . . . . . Melee . | . . . . . Projectile . | . . . . . AOE . | . . . . . Terrain Rammed . | . . . . . Walls Destroyed . | . . . . . Machines Disabled . | . . . . . Actions | -11 -10 -10 -9 -8 --------- Run | Yrd Mat Min Mat Mat Total 997 | 357 336 30 193 81 Wait 288 | 288 . . . . Move 620 | 56 288 29 178 69 Hop . | . . . . . Pick Up 11 | 6 1 . 3 1 Fast Attach 8 | 5 1 . 2 . Attach 7 | 1 3 . 2 1 Detach 1 | . 1 . . . Swap 3 | . 3 . . . Drop 2 | 1 1 . . . Fire 48 | . 37 . 8 3 Melee 7 | . . . . 7 Ram 1 | . . 1 . . Kick 1 | . 1 . . . Crush . | . . . . . Escape Stasis . | . . . . . Rewire . | . . . . . Trap . | . . . . . Miscellaneous . | . . . . . Route ------- -11/Scrapyard -10/Materials -10/Mines -9/Materials -8/Materials History --------- Turn | Location | Event 2 | -11/Scrapyard | Met Revision 17 17 | -11/Scrapyard | Discovered new exit (range 16) 370 | -11/Scrapyard | Entered Materials 371 | -10/Materials | Build established: Mutant 752 | -10/Materials | Core integrity fell below 50% 791 | -10/Materials | Core integrity fell below 20% 802 | -10/Materials | Lost 4 parts (2n2w) 808 | -10/Materials | Discovered new exit (range 12) 820 | -10/Materials | Entered Mines 822 | -10/Mines | Met a Derelict bent on vengeance 838 | -10/Mines | Discovered new exit (range 5) 845 | -10/Mines | Entered Materials 845 | -9/Materials | Evolved 2 slots: Propulsion x2 989 | -9/Materials | Discovered new exit (range 3) 1091 | -9/Materials | Entered another Materials area 1091 | -8/Materials | Evolved 2 slots: Utility x1, Weapon x1 1194 | -8/Materials | Self-destructed Last Messages --------------- >>find_station Pinpointed nearest Repair Station: (91,33) (already known). K-01 Serf collects debris. M-28 Smith repairs S-10 Pest. M-28 Smith distress signal failed. S-10 Pest destroyed. Acquired 15 matter. K-01 Serf collects debris. R-06 Scavenger collects Flight Unit. Sneak attack on R-06 Scavenger. Jacked R-06 Scavenger... >>parse_system Reading system data... R-06 Scavenger collects Flight Unit. K-01 Serf collects debris. Acquired Flight Unit. R-06 Scavenger collects Lgt. Assault Rifle. K-01 Serf collects debris. Wheel destroyed. Aluminum Leg destroyed. Map ----- +----------------------------------------------------+ | | | | | | | | | | | | | | | | | | | | | | | | | | | | | | | | | | | | | | | ?????????????????????###########??????? | | ????????????????????## #??????? | | ????????????????????? #??????? | | ?????????????????????#Y !!! #??????? | | ?????????????????????# !!! #??????? | | ?????????????????????# !!! #??????? | | ?????????????????????# @ #??????? | | ?????????????????????# #??????? | | ????????????###??????# #??????? | | ????????????# = ########s##;##??????? | | ????????????# #???????? | | ??????????? #???????? | | ????????????# #???????? | | ????????????# ######## #???????? | | ????????????###??????????# #???????? | | ?????????????????????????# +???????? | | ?????????????????????????# ####???????? | | ?????????????????????????# #?#####????? | | ?????????????????????????# #?# #????? | | ?????????????????????????# #?# #????? | | ?????????????????????????# #?# #????? | | ???????????#/######+###### ### #????? | | ???????? #????? | | ???????? #????? | | ???????? % #????? | | ???????? ##############+#####+##???? | | ?????????????????????????# #???? | | ?????????????????????????# """ #???? | | ?????????????????????????# """ #???? | | ?????????????????????????# """ #???? | | ?????????????????????????# #???? | +----------------------------------------------------+ Best States ------------- Heat Dissipation 41 Energy Generation 10 Energy Capacity 250 Matter Stores 300 Matter Capacity 300 Sight Range 16 Terrain Scan Density 10 Evasion (%) 55 Item Schematics ----------------- Ion Engine | -10/Materials | Hacked Robot Schematics ------------------ None Fabricated ------------ Nothing Alien Tech Used ----------------- None Achievements -------------- Shopping List Challenges ------------ None Game ------ Seed TimingActuatorNukerbomber Manual? 0 Play Time 00:15:30 Cumulative 3.3 hours Start 2024.08.25 @ 22:35:15 End 2024.08.25 @ 22:49:48 Sessions 1 Manual Loads 0 Difficulty Rogue Special Mode None Game No. 10 Rogue 10 Adventurer 0 Explorer 0 Win Type - Total 0 Types 0/0/0/0/0/0/0/0/0 Lore% 2 Gallery% 6 Achievement% 7 Wizard Run 0 Options --------- Layout 0 ASCII 0 Keyboard 0 Movement Arrows Keybinds 0 Fullscreen 1 Font 18/SmallcapsGlow Map View 76x50 Zoom Use 0% Tactical HUD 0 Map Filters NONE Filters NONE Steam 1 RUN: 02f03c5e-ade8-4b6d-92c2-6af585c963ab